 Dungeon Crawl Stone Soup version 0.29-a0-393-g47a863cc1b (webtiles) character file.

Game seed: 5980765860383171303

25601 NinjaNoafa the Protected (level 10, -11/61 (96) HPs)
             Began as a Minotaur Fighter on May 9, 2022.
             Was the Champion of Ru.
             Killed from afar by a frost giant (62 damage)
             ... with a bolt of cold
             ... on level 11 of the Dungeon.
             The game lasted 00:26:46 (14054 turns).

NinjaNoafa the Protected (Minotaur Fighter)        Turns: 14054, Time: 00:26:47

HP:   -11/61 (96)   AC:  9    Str: 28    XL:     10   Next: 90%
MP:   0/15          EV: 18    Int:  5    God:    Ru [******]
Gold: 778           SH:  0    Dex: 16    Spells: 17/17 levels left

rFire   x . .      SeeInvis .   g - +8 trident "Orb Guardian's Bane" {vorpal, Str+3}
rCold   x . .      Faith    .   (shield unavailable)
rNeg    . . .      Spirit   +   o - +2 leather armour "Emojiup" {rElec rPois Slay+3}
rPois   +          Reflect  .   (helmet restricted)
rElec   +          Harm     .   m - +0 cloak
rCorr   .          Rampage  .   y - +0 pair of gloves of Freedom {Will+ Regen+}
Will    +....                   (no boots)
Stlth   +.........              L - amulet of guardian spirit
HPRegen 1.00/turn               (ring unavailable)
MPRegen 0.14/turn               w - +6 ring of dexterity

@: exhausted, slowed, very heavily drained, very slow
A: horns 2, missing a hand, inexperienced 1, temperature sensitive, retaliatory
headbutt, poison resistance, noise suppression
a: Renounce Religion, Draw Out Power, Power Leap, Apocalypse


You were on level 11 of the Dungeon.
You worshipped Ru.
Ru was exalted by your worship.
You visited 4 branches of the dungeon, and saw 15 of its levels.

You collected 778 gold pieces.

Inventory:

Hand Weapons
 g - the +8 trident "Orb Guardian's Bane" (weapon) {vorpal, Str+3}
   (You found it on level 3 of the Dungeon)

   It inflicts extra damage upon your enemies.
   Str:       It affects your strength (+3).
Missiles
 a - 11 boomerangs (quivered)
 e - 5 silver boomerangs
 p - 41 poisoned darts
 r - 2 throwing nets
 J - 6 curare-tipped darts
Armour
 m - a +0 cloak (worn)
 o - the +2 leather armour "Emojiup" (worn) {rElec rPois Slay+3}
   (You found it on level 4 of the Dungeon)

   Slay:      It affects your accuracy & damage with ranged weapons and melee
   (+3).
   rElec:     It insulates you from electricity.
   rPois:     It protects you from poison.
 y - the +0 pair of gloves of Freedom (worn) {Will+ Regen+}
   (You acquired it on level 9 of the Dungeon)

   Regen:     It increases your rate of health regeneration.
   Will:      It increases your willpower.
Jewellery
 h - a ring of positive energy
 n - a ring of willpower
 w - a +6 ring of dexterity (right hand)
 x - a ring of resist corrosion
 D - a +6 ring of intelligence
 K - a ring of ice
 L - an amulet of guardian spirit (around neck)
Wands
 l - a wand of digging (15)
 u - a wand of acid (5)
 A - a wand of flame (39)
 G - a wand of charming (7)
Scrolls
 b - 7 scrolls of teleportation
 c - 2 scrolls of blinking
 i - a scroll of silence
 j - a scroll of summoning
 q - 4 scrolls of amnesia
 s - 3 scrolls of noise
 t - a scroll of immolation
 C - 2 scrolls of magic mapping
 H - a scroll of fear
 I - 2 scrolls of identify
Potions
 d - 3 potions of might
 f - 5 potions of curing
 k - 2 potions of lignification
 v - 2 potions of heal wounds
 z - a potion of ambrosia
 B - 2 potions of flight
 E - a potion of magic
 F - a potion of haste


   Skills:
 - Level 11.6 Fighting
 - Level 3.2 Maces & Flails
 - Level 11.5 Polearms
 - Level 11.6 Armour
 - Level 11.3 Dodging
 - Level 0.1 Stealth
 + Level 4.4 Spellcasting
 - Level 5.0 Evocations


You had 17 spell levels left.
You didn't know any spells.
Your spell library contained the following spells:

 Spells                   Type           Power      Damage    Failure   Level
 Animate Skeleton         Necr           2%         N/A       36%         1
 Pain                     Necr           4%         1d4       36%         1
 Ensorcelled Hibernation  Hex/Ice        2%         N/A       50%         2
 Passwall                 Tmut/Erth      0%         N/A       50%         2
 Frozen Ramparts          Ice            2%         1d2       73%         3
 Ignite Poison            Fire/Tmut/Pois 1%         N/A       73%         3
 Mephitic Cloud           Conj/Pois/Air  1%         N/A       73%         3
 Swiftness                Air            1%         N/A       73%         3
 Tukima's Dance           Hex            1%         N/A       73%         3
 Vampiric Draining        Necr           1%         2d6       73%         3
 Animate Armour           Summ/Erth      2%         N/A       98%         4
 Ice Form                 Ice/Tmut       1%         N/A       98%         4
 Passage of Golubria      Tloc           1%         N/A       98%         4
 Summon Ice Beast         Ice/Summ       1%         N/A       98%         4
 Blade Hands              Tmut           0%         N/A       100%        5
 Freezing Cloud           Conj/Ice/Air   0%         6-21      100%        5
 Yara's Violent Unravell  Hex/Tmut       0%         3d3       100%        5
 Iron Shot                Conj/Erth      0%         9d1       100%        6


Dungeon Overview and Level Annotations

Branches:
Dungeon (11/15)            Temple (1/1) D:7            Lair (2/6) D:9
 Spider (1/4) Lair:2          Orc (0/2) D:10
  Swamp: Lair:2-4    Shoals: Lair:2-4

Altars:
Ashenzari
Cheibriados
Dithmenos
Elyvilon
Fedhas
Gozag
Hepliaklqana
Kikubaaqudgha
Makhleb
Nemelex Xobeh
Okawaru
Qazlal
Ru
Sif Muna
Trog
Uskayaw
Vehumet
Wu Jian
Xom
Yredelemnul
Zin
The Shining One

Shops:
D:6 *   D:7 *   D:8 [

Annotations:
D:11 1 runed translucent door, sirJeffrey23's ghost, journeyman DgGl
Lair:1 3 runed translucent doors, happo123's ghost, journeyman TrBe


Innate Abilities, Weirdness & Mutations

You have a pair of horns on your head.
You are missing a hand.
You are somewhat inexperienced. (-2 XL)
You are sensitive to extremes of temperature. (rF-, rC-)
You reflexively headbutt those who attack you in melee.
Your system is resistant to poisons. (rPois)
You passively dampen the noise of your surroundings.


Message History

You puncture the wraith!
The wraith is severely damaged.
You hit the wraith. Your headbutt misses the wraith.
The wraith is severely damaged.
You redirect the frost giant's attack!
The wraith hits you. The wraith drains your vigour!
You feel yourself slow down.
You impale the wraith!!
You destroy the wraith!
The frost giant shouts!
You puncture the wraith!
The wraith is severely damaged.
The wraith closely misses you. You furiously retaliate!
You headbutt the wraith!
You destroy the wraith!
The necromancer hits you with a staff of air.
You are electrocuted.
The necromancer hits you with a staff of air.
You are electrocuted.
The necromancer attacks as you move away!
The necromancer is stunned by your conviction and fails to attack.
Activating: Apocalypse
Press: ? - help, Dir - look around, f - activate You reveal the great annihilating truth to your foes!
The skeletal warrior slows down under the weight of truth!
You kill the necromancer!
The yaktaur captain is paralysed by terrible understanding!
You feel drained.
The lich mumbles some strange words.
The lich flickers and vanishes!
Deactivating autopickup; reactivate with Ctrl-A.
You redirect the frost giant's attack!
The frost giant misses sirJeffrey23's ghost.
The frost giant hits you with a +0 battleaxe of freezing.
The frost giant freezes you.
The skeletal warrior hits you with a +0 long sword.
The frost giant points at you and mumbles some strange words.
The bolt of cold hits you!!!
You feel a terrible chill!
Ouch! That really hurt!
You die...

###########.# #.........#.#
#.........#.###
#############.........#.#.######
#......##...................<...
#......######..)......#.#..#.###
#......# #.<.####.####..).......
##......###...#########..#.....##
..............##@z###..........#
##......###...'|♣CW♣#######....#
##......# #...#......8#...#.)..#
#...#######...#####{...}$C##..###
#...####.##.......##c8#####......
..............>.⌠..#z..8#......##
#...####.###......##z8#####......
#...# #.# #..#####.!..W..#...###
##### #.###..#z♣....8#$=##...)..


You could see a frost giant, a yaktaur captain (paralysed), 3 skeletal warriors
and sirJeffrey23's ghost.

Vanquished Creatures
  A stone giant (D:11)
  An ogre mage (D:11)
  A boulder beetle (D:11)
  A centaur warrior (D:11)
  2 tengu warriors
  A skeletal warrior (D:11)
  2 deep trolls (D:11)
  Pikel (D:9)
  The ghost of diecastcamel the Slinger, a novice GnWn of Okawaru (D:6)
  A necromancer (D:11)
  An ugly thing (D:11)
  3 cyclopes (D:11)
  Joseph (D:9)
  A gargoyle (D:11)
  3 cane toads
  An efreet (D:11)
  A demonic crawler (Spider:1)
  A tengu conjurer (D:11)
  A komodo dragon (D:9)
  3 kobold demonologists (D:11)
  5 trolls
  2 hornets
  A tarantella (Spider:1)
  2 jumping spiders (Spider:1)
  9 spriggans (Lair:1)
  3 wraiths (D:11)
  2 vampires (D:11)
  20 yaks
  A shadow (D:11)
  2 basilisks
  2 vampire mosquitoes
  A warg (D:10)
  4 water moccasins
  7 orc warriors
  An ice beast (D:5)
  3 wolves (Lair:1)
  An ogre (D:6)
  10 centaurs
  A lemure (D:9)
  10 kobold brigands (D:6)
  2 phantoms (D:6)
  3 bullfrogs
  4 necrophages
  2 gnoll sergeants
  15 scorpions
  7 wights (D:7)
  27 killer bees
  6 howler monkeys
  2 electric eels (Lair:1)
  3 hounds (D:4)
  4 orc priests
  Crazy Yiuf (D:3)
  A jelly (D:5)
  A gnoll shaman (D:5)
  2 iguanas
  12 orc wizards
  Natasha (D:2)
  16 gnolls
  6 adders
  2 shadow imps (D:7)
  2 white imps
  2 ufetubi
  2 worms
  5 dart slugs
  36 orcs
  3 bats
  8 endoplasms
  4 giant cockroaches
  10 goblins
  14 hobgoblins
  5 jackals
  2 quokkas
  2 ball pythons (D:4)
  5 frilled lizards (D:1)
  8 kobolds
  11 rats
  A butterfly (D:6)
352 creatures vanquished.

Vanquished Creatures (others)
  20 plants
20 creatures vanquished.

Grand Total: 372 creatures vanquished

Notes
Turn   | Place    | Note
-------+----------+-------------------------------------------
     0 | D:1      | NinjaNoafa the Minotaur Fighter began the quest for the
                  | Orb.
     0 | D:1      | Reached XP level 1. HP: 19/19 MP: 0/0
   270 | D:1      | Reached XP level 2. HP: 27/27 MP: 1/1
   416 | D:1      | Found a faded altar of an unknown god.
   601 | D:1      | Reached XP level 3. HP: 32/33 MP: 2/2
  1366 | D:2      | Reached XP level 4. HP: 29/41 MP: 3/3
  1518 | D:2      | Noticed Natasha
  1522 | D:2      | Killed Natasha
  2072 | D:3      | Found a runed translucent door.
  2073 | D:3      | Noticed Crazy Yiuf
  2279 | D:3      | Reached skill level 5 in Armour
  2285 | D:3      | Identified the +8 trident "Orb Guardian's Bane" {vorpal,
                  | Str+3}
  2498 | D:3      | Reached XP level 5. HP: 45/47 MP: 4/4
  2824 | D:3      | Killed Crazy Yiuf
  3026 | D:4      | Identified the +2 leather armour "Emojiup" {rElec rPois
                  | Slay+3}
  3161 | D:4      | Reached skill level 5 in Fighting
  3161 | D:4      | Reached XP level 6. HP: 54/56 MP: 5/5
  3162 | D:4      | Reached skill level 1 in Dodging
  3672 | D:5      | Entered Level 5 of the Dungeon
  3706 | D:5      | Noticed an ice beast
  3714 | D:5      | Killed an ice beast
  3715 | D:5      | Reached skill level 5 in Polearms
  3715 | D:5      | Reached XP level 7. HP: 59/61 MP: 6/6
  3780 | D:5      | Reached skill level 5 in Dodging
  4052 | D:5      | You fall into a shaft and drop 1 floor!
  4128 | D:6      | Reached XP level 8. HP: 68/68 MP: 7/7
  4131 | D:6      | Found a runed translucent gate.
  4131 | D:6      | Found a runed translucent gate.
  4131 | D:6      | Found a runed translucent gate.
  4132 | D:6      | Noticed diecastcamel's ghost (novice GnWn)
  4562 | D:6      | Found Boaghax's Overcharged Wands.
  4770 | D:6      | Found a runed translucent door.
  4772 | D:6      | Found a runed translucent door.
  6216 | D:7      | Found a staircase to the Ecumenical Temple.
  6263 | Temple   | Entered the Ecumenical Temple
  6600 | Temple   | Became a worshipper of Ru the Awakened
  6646 | D:7      | Reached skill level 5 in Shields
  6802 | D:7      | Reached skill level 1 in Evocations
  6802 | D:7      | Reached XP level 9. HP: 74/74 MP: 8/8
  7105 | D:7      | Found Quonnemp's General Store.
  7681 | D:8      | Reached skill level 5 in Evocations
  7785 | D:8      | Gained mutation: You passively dampen the noise of your
                  | surroundings. [potion of mutation]
  7785 | D:8      | Gained mutation: Your system is resistant to poisons.
                  | (rPois) [potion of mutation]
  7888 | D:8      | Noticed a tengu warrior
  7896 | D:8      | Killed a tengu warrior
  8054 | D:8      | Gained mutation: You are sensitive to extremes of
                  | temperature. (rF-, rC-) [Ru sacrifice]
  8054 | D:8      | Reached * piety under Ru
  8054 | D:8      | Reached ** piety under Ru
  8313 | D:8      | Found Lancelot's Dragon-Slaying Spoils.
  8789 | D:9      | Found a radiant altar of Vehumet.
  8792 | D:9      | Reached XP level 10. HP: 84/84 MP: 9/9
  8973 | D:9      | Noticed Pikel
  8977 | D:9      | Identified a scroll of acquirement
  8978 | D:9      | Acquired the +0 pair of gloves of Freedom {Will+ Regen+}
  8990 | D:9      | Killed Pikel
  9081 | D:9      | Noticed Joseph
  9090 | D:9      | Killed Joseph
  9339 | D:9      | Found a staircase to the Lair.
  9581 | Lair:1   | Entered Level 1 of the Lair of Beasts
  9688 | Lair:1   | Found a runed translucent gate.
  9688 | Lair:1   | Found a runed translucent gate.
  9688 | Lair:1   | Found a runed translucent gate.
  9695 | Lair:1   | Noticed a cane toad
  9716 | D:9      | Killed a cane toad
  9772 | D:10     | Entered Level 10 of the Dungeon
 10194 | D:10     | Identified the +12 halberd of the Blind Eye {spect, Int+3}
 10215 | D:10     | Found a staircase to the Orcish Mines.
 10250 | D:10     | Gained mutation: You are somewhat inexperienced. (-2 XL)
                  | [Ru sacrifice]
 10250 | D:10     | Reached XP level 9. HP: 81/81 MP: 8/8
 10250 | D:10     | Reached XP level 8. HP: 74/74 MP: 7/7
 10250 | D:10     | Reached *** piety under Ru
 10250 | D:10     | Reached **** piety under Ru
 10400 | D:10     | Reached XP level 9. HP: 82/82 MP: 8/8
 10871 | D:11     | Noticed a boulder beetle
 10875 | D:11     | Killed a boulder beetle
 10962 | D:11     | Noticed a deep troll
 10962 | D:11     | Noticed a skeletal warrior
 10966 | D:11     | Noticed a cyan ugly thing
 11049 | D:11     | Noticed a skeletal warrior
 11113 | D:11     | Found a runed translucent door.
 11115 | D:11     | Noticed a skeletal warrior
 11116 | D:11     | Noticed a skeletal warrior
 11116 | D:11     | Noticed a yaktaur captain
 11117 | D:11     | Noticed a lich
 11117 | D:11     | Found a runed translucent door.
 11118 | D:11     | Noticed a frost giant
 11118 | D:11     | Noticed a necromancer
 11118 | D:11     | Noticed a skeletal warrior
 11273 | D:11     | Killed a cyan ugly thing
 11274 | D:11     | Reached skill level 10 in Fighting
 11274 | D:11     | Reached skill level 10 in Polearms
 11274 | D:11     | Reached skill level 10 in Armour
 11366 | D:11     | Reached skill level 10 in Dodging
 11387 | D:11     | Killed a skeletal warrior
 11538 | D:11     | Noticed a brown ugly thing
 11538 | D:11     | Noticed a centaur warrior
 11539 | D:11     | Noticed a tengu warrior
 11539 | D:11     | Noticed an ogre mage
 11539 | D:11     | Noticed a fire giant
 11542 | D:11     | Noticed a stone giant
 11717 | D:11     | Killed a centaur warrior
 11762 | D:11     | Noticed sirJeffrey23's ghost (journeyman DgGl)
 11793 | D:11     | Reached XP level 10. HP: 94/94 MP: 9/9
 11971 | D:11     | Killed a stone giant
 12314 | D:6      | Killed diecastcamel's ghost
 12606 | D:11     | Killed a tengu warrior
 12711 | D:11     | Killed an ogre mage
 13023 | Lair:1   | Noticed happo123's ghost (journeyman TrBe)
 13248 | Lair:1   | Gained mutation: You are missing a hand. [Ru sacrifice]
 13248 | Lair:1   | Reached ***** piety under Ru
 13248 | Lair:1   | Reached ****** piety under Ru
 13282 | Lair:1   | Reached skill level 1 in Spellcasting
 13864 | Lair:2   | Found a hole to the Spider Nest.
 13905 | Spider:1 | Entered Level 1 of the Spider Nest
 14054 | D:11     | Killed from afar by a frost giant

Illustrated notes

Levels and vault maps discovered:
D:1:      dpeg_arrival_round_a, layout_loops_cross,
          hellmonk_ecumenical_altar_arch_garden, hangedman_feature_mirror,
          chequers_serial_rivers_room_a, minmay_misc_feat_square, st_stairs_5,
          minmay_surrounded
D:2:      layout_basic, uniq_natasha
D:3:      layout_basic, grunt_decor_one_mirror, uniq_crazy_yiuf_cottage
D:4:      layout_gridville
D:5:      layout_loops_ring
D:6:      lemuel_insect_pit, layout_layer_cave, gammafunk_ghost_nasty_kobolds,
          minmay_holes, hangedman_decor_riveting, nicolae_shop_overcharged_wands
D:7:      hellmonk_destroyed_diamonds, layout_gridville,
          minmay_temple_entry_stoned_glass, serial_shops, shop
D:8:      layout_loops_ring, nicolae_shop_dragon_depot,
          chequers_serial_rivers_small_3
D:9:      layout_loops_ring, fiery_altar_vehumet, david_lair_shrubbed,
          uniq_pikel, uniq_joseph
D:10:     layout_gridville, david_orc_1_choice
D:11:     nzn_winding_woodlands_large [nzn_winding_woodlands_5x5_open_star,
          nzn_winding_woodlands_5x15_pool, nzn_winding_woodlands_5x5_perimeter,
          nzn_winding_woodlands_center_diamonds,
          nzn_winding_woodlands_15x15_thick_spiral,
          nzn_winding_woodlands_center_garden, nzn_winding_woodlands_hourglass,
          nzn_winding_woodlands_5x15_parted, nzn_winding_woodlands_5x5_cross],
          layout_basic, muffindrake_ghost_dual_entry
Temple:   mainiacjoe_temple_circle_huts
Lair:1:   kb_forest_paths, layout_chaotic_city, gammafunk_ghost_icy,
          infiniplex_staircase_pool
Lair:2:   layout_roguey, minmay_shoals_entry_centaurs,
          nicolae_spider_entry_non_spiders, serial_bayou_shore_a, uniq_maggie
Spider:1: layout_spider_delve, uniq_azrael

Skill      XL: |  1  2  3  4  5  6  7  8  9 10 |
---------------+-------------------------------+-----
Fighting       | 4 5 10 11 | 11.6
Armour         | 4 5 10 11 | 11.6
Shields        | 4 5 6 0 |  0.0
Maces & Flails | 3 |  3.2
Polearms       | 3 5 10 11 | 11.5
Dodging        | 3 7 9 10 11 | 11.3
Evocations     | 1 5 |  5.0
Spellcasting   | 4 |  4.4
Stealth        | |  0.1

Action                   |  1- 3 |  4- 6 |  7- 9 | 10-12 || total
-------------------------+-------+-------+-------+-------++-------
Melee: Flail             |    77 |    30 |       |       ||   107
       Headbutt          |    10 |    15 |    40 |    42 ||   107
       Trident           |       |    61 |   172 |   151 ||   384
       Halberd           |       |       |    74 |    54 ||   128
Invok: Power Leap        |       |       |    10 |     7 ||    17
       Sacrifice Experie |       |       |     1 |       ||     1
       Sacrifice Resista |       |       |     1 |       ||     1
       Apocalypse        |       |       |       |     4 ||     4
       Sacrifice a Hand  |       |       |       |     1 ||     1
Evoke: Wand              |       |       |     3 |       ||     3
  Use: Scroll            |     3 |     2 |    15 |     9 ||    29
       Potion            |       |       |    12 |     2 ||    14
 Stab: Invisible         |       |       |     5 |     2 ||     7
       Distracted        |       |       |     1 |       ||     1
       Sleeping          |       |       |       |     2 ||     2
Armor: Scale mail        |    33 |    28 |       |       ||    61
       Leather armour    |       |     7 |    72 |    38 ||   117
Dodge: Dodged            |    35 |    44 |   224 |   142 ||   445
Block: Buckler           |    11 |    28 |     9 |       ||    48
       Kite shield       |       |       |   109 |    40 ||   149

Table legend: (Time is in decaauts)
 A = Elapsed time spent in this place.
 B = Non-inter-level travel time spent in this place.
 C = Inter-level travel time spent in this place.
 D = Time resting spent in this place.
 E = Time spent auto-exploring this place.
 F = Levels seen in this place.
 G = Mean time per level.
                   A        B        C        D        E       F      G
               +--------+--------+--------+--------+--------+-----+--------+
         Total |  14134 |  13014 |   1120 |    529 |  10131 |  15 |  942.3 |
       Dungeon |  12645 |  11634 |   1011 |    529 |   9043 |  11 | 1149.5 |
        Temple |    359 |    306 |     53 |      0 |    260 |   1 |  359.0 |
          Lair |   1092 |   1036 |     56 |      0 |    828 |   2 |  546.0 |
   Spider Nest |     37 |     37 |      0 |      0 |      0 |   1 |   37.0 |
               +--------+--------+--------+--------+--------+-----+--------+

Top non-repeatable levels by time:
     D:6: 1880 daAuts
    D:11: 1667 daAuts
     D:3: 1144 daAuts
     D:7: 1141 daAuts
     D:8: 1084 daAuts
     D:9: 1046 daAuts
    D:10: 1038 daAuts
  Lair:1: 1031 daAuts
     D:5: 1009 daAuts
     D:2: 887 daAuts
     D:4: 881 daAuts
     D:1: 863 daAuts
  Temple: 359 daAuts
  Lair:2: 60 daAuts
Spider:1: 37 daAuts
